 Dungeon Crawl Stone Soup version 0.29-a0-322-g68df515428 (webtiles) character file.

Game seed: 5111283200639161036

26 kae the Firebug (level 3, -25/20 HPs)
             Began as a Tengu Fire Elementalist on Apr 5, 2022.
             Killed by an exploding Jessica (37 damage)
             ... ignited by their inner flame
             ... on level 2 of the Dungeon.
             The game lasted 00:01:09 (2031 turns).

kae the Firebug (Tengu Fire Elementalist)           Turns: 2031, Time: 00:01:10

Health: -25/20     AC:  2    Str:  8    XL:     3   Next: 8%
Magic:  3/7        EV: 12    Int: 17    God:
Gold:   103        SH:  0    Dex: 14    Spells: 0/6 levels left

rFire   . . .      SeeInvis .   (no weapon)
rCold   . . .      Faith    .   (no shield)
rNeg    . . .      Spirit   .   a - +0 robe
rPois   .          Reflect  .   (helmet restricted)
rElec   .          Harm     .   (no cloak)
rCorr   .          Rampage  .   (no gloves)
Will    .....                   (boots unavailable)
Stlth   ++........              c - amulet of regeneration
HPRegen 0.86/turn               (no ring)
MPRegen 0.10/turn               (no ring)

@: no status effects
A: beak, talons 3
a: no special abilities


You were on level 2 of the Dungeon.
You visited 1 branch of the dungeon, and saw 2 of its levels.

You collected 103 gold pieces.

Inventory:

Armour
 a - a +0 robe (worn)
Jewellery
 c - an amulet of regeneration (around neck)
Potions
 b - a potion of magic
 d - 2 potions of curing
 f - a potion of lignification {unknown}
 g - a potion of attraction {unknown}
 h - a potion of degeneration {unknown}


   Skills:
 + Level 0.8 Fighting
 + Level 0.9 Armour
 + Level 2.4 Dodging
 - Level 2.0 Stealth
 + Level 2.1 Spellcasting
 + Level 1.7 Conjurations
 * Level 3.8 Fire Magic


You couldn't memorise any spells.
You knew the following spells:

 Your Spells              Type           Power      Damage    Failure   Level
a - Foxfire               Conj/Fire      44%        2x1d6     6%          1
b - Scorch                Fire           28%        2d6       6%          2
c - Conjure Flame         Conj/Fire      11%        6-21      19%         3

Your spell library contained the following spells:

 Spells                   Type           Power      Damage    Failure   Level
 Inner Flame              Hex/Fire       8%         N/A       26%         3
 Flame Wave               Conj/Fire      11%        2d5       52%         4


Dungeon Overview and Level Annotations

Branches:
Dungeon (2/15)

Altars:


Innate Abilities, Weirdness & Mutations

You have a beak for a mouth.
You have claws for feet.


Message History

The goblin shouts!
You hear a shout! x2
The foxfire hits the goblin.
You kill the goblin!
An adder comes into view.
A hobgoblin comes into view. x2
The foxfire hits Jessica.
Jessica is moderately wounded.
The foxfire hits Jessica.
Jessica is heavily wounded.
A goblin comes into view. It is wielding a +0 club.
Casting: Foxfire (safe; 6% risk of failure)
Confirm with . or Enter, or press ? or * to list all spells.
You conjure some foxfire!
The foxfire hits the goblin.
You kill the goblin!
The foxfire hits Jessica.
Jessica is almost dead.
A hobgoblin comes into view.
A goblin comes into view. It is wielding a +0 dagger.
Okay, then.
Okay, then.
As you read the scroll labelled AROCIT SUSOOR, it crumbles to dust.
The creatures around you are filled with an inner flame!
It was a scroll of immolation.
The goblin unwields a +0 club.
The goblin wields a +0 hunting sling.
The goblin shoots a sling bullet.
The sling bullet barely misses you.
Casting: Foxfire (safe; 6% risk of failure)
Confirm with . or Enter, or press ? or * to list all spells.
You conjure some foxfire!
The foxfire hits the adder.
Flame seeps out of the adder.
The adder is moderately wounded.
The foxfire hits Jessica but does no damage.
Jessica is severely wounded.
The adder is engulfed in blazing flames.
The adder explodes!
The fiery explosion engulfs the hobgoblin!!
The fiery explosion engulfs you!
The fiery explosion engulfs Jessica!!!
Jessica explodes!
The fiery explosion engulfs you!!!
Ouch! That really hurt!
You die...

#............# ..
#.........#### # #.
#....†......#
...#.##.........#.#
....gg..........#...
...##.#.........###..
...g..§§..........#..
..g.)§§§§.......#.#
.))..§○@........#.#
...####§##........# .
#.##.#.###..#
#.##.#.# #..# .
#.##.#.# #..####..
#.##.#.# #........
#..#.#.# #......#.
##.#.#.###........
#.#....###.######


You could see a hobgoblin and 3 goblins.

Vanquished Creatures
  Jessica (D:2)
  An adder (D:2)
  2 giant cockroaches (D:1)
  4 goblins
  3 hobgoblins
  2 jackals (D:1)
  A quokka (D:1)
  3 ball pythons (D:1)
  A bat (D:1)
  2 frilled lizards
  4 kobolds
  5 rats
29 creatures vanquished.

Vanquished Creatures (others)
  118 foxfires
118 creatures vanquished.

Grand Total: 147 creatures vanquished

Notes
Turn   | Place    | Note
-------+----------+-------------------------------------------
     0 | D:1      | kae the Tengu Fire Elementalist began the quest for the
                  | Orb.
     0 | D:1      | Reached XP level 1. HP: 10/10 MP: 4/4
   491 | D:1      | Reached XP level 2. HP: 15/15 MP: 3/6
  1987 | D:2      | Reached XP level 3. HP: 20/20 MP: 4/7
  1990 | D:2      | Learned a level 2 spell: Scorch
  1994 | D:2      | Learned a level 3 spell: Conjure Flame
  2022 | D:2      | Noticed Jessica
  2031 | D:2      | Killed Jessica
  2031 | D:2      | Killed by an exploding Jessica... ignited by their inner
                  | flame

Illustrated notes

Levels and vault maps discovered:
D:1:      dpeg_arrival_circle_labyrinth_c, layout_basic
D:2:      layout_basic, uniq_jessica, uniq_robin

Action                   || total
-------------------------++-------
Melee: Unarmed           ||     4
       Peck              ||     1
 Cast: Foxfire           ||    68
  Use: Scroll            ||     6
Armor: Robe              ||     2
Dodge: Dodged            ||     9

Table legend: (Time is in decaauts)
 A = Elapsed time spent in this place.
 B = Non-inter-level travel time spent in this place.
 C = Inter-level travel time spent in this place.
 D = Time resting spent in this place.
 E = Time spent auto-exploring this place.
 F = Levels seen in this place.
 G = Mean time per level.
                   A        B        C        D        E       F      G
               +--------+--------+--------+--------+--------+-----+--------+
         Total |   2030 |   1980 |     50 |      0 |   1763 |   2 | 1015.0 |
       Dungeon |   2030 |   1980 |     50 |      0 |   1763 |   2 | 1015.0 |
               +--------+--------+--------+--------+--------+-----+--------+

Top non-repeatable levels by time:
     D:1: 1806 daAuts
     D:2: 224 daAuts
